Map: Oxide LE

Players

Throwfordays - Winner!

  • Race: Protoss Protoss
  • League: Gold

Craneman

  • Race: Terran Terran
  • League: Bronze

VOD

Have the link to the VOD?

Description

Time

  • Played on: June 23, 2021, 10:11 p.m.
  • Length: 6:03
Show
View Real Time Build Order
Export as new Build Order

Throwfordays Protoss - Winner!

Build Orders:  

Get SALT Encoding   

  12  0:00  Probe  
  13  0:13  Probe  
  14  0:20  Pylon  
  14  0:25  Probe  
  15  0:39  Gateway  
  15  0:41  Probe (Chrono Boost)  
  16  0:48  Assimilator  
  16  0:51  Probe (Chrono Boost)  
  16  0:56  Probe (Chrono Boost)  
  18  1:08  Probe  
  19  1:29  Cybernetics Core  
  19  1:33  Probe  
  20  1:45  Nexus  
  20  1:53  Assimilator  
  20  2:05  Adept  
  22  2:14  Gateway  
  22  2:17  Probe (Chrono Boost)  
  22  2:20  Warp Gate (Chrono Boost)  
  23  2:28  Pylon  
  23  2:36  Pylon  
  23  2:46  Adept, Probe  
  26  2:58  Probe  
  26  3:09  Adept  
  28  3:16  Probe (Chrono Boost)  
  28  3:19  Probe (Chrono Boost)  
  30  3:26  Probe (Chrono Boost)  
  31  3:31  Probe (Chrono Boost)  
  32  3:37  Probe  
  33  3:42  Probe  
  33  3:45  Gateway  
  34  3:49  Probe  
  34  3:54  Probe  
  36  3:59  Pylon  
  36  4:01  Probe  
  37  4:06  Probe  
  37  4:09  Gateway  
  38  4:13  Probe  
  39  4:19  Probe  
  40  4:25  Probe  
  40  4:31  Probe  
  42  4:47  Gateway  
  42  4:59  Stalker x3  
  48  5:13  Stalker  
  48  5:26  Stalker x3  
  54  5:33  Pylon  
  54  5:34  Pylon  
Show
View Real Time Build Order
Export as new Build Order

Craneman Terran 

Build Orders:  

Get SALT Encoding   

  12  0:02  SCV  
  13  0:17  SCV  
  13  0:19  Supply Depot  
  14  0:23  Supply Depot  
  14  0:29  SCV  
  15  0:45  SCV  
  15  0:47  Barracks  
  17  0:57  SCV  
  17  1:03  Refinery  
  17  1:09  SCV  
  17  1:10  Supply Depot  
  17  1:21  SCV  
  18  1:33  SCV  
  18  1:35  Refinery  
  19  1:45  SCV  
  20  1:49  Reaper  
  21  1:56  Barracks  
  21  1:57  SCV  
  22  2:14  Command Center  
  22  2:26  Orbital Command  
  22  2:32  Marine  
  23  2:50  Marine  
  23  3:14  Barracks Reactor  
  23  3:17  Barracks Tech Lab  
  23  3:18  Barracks  
  23  3:22  Factory  
  23  3:24  SCV  
  24  3:32  Supply Depot  
  24  3:35  SCV  
  24  3:36  SCV  
  26  3:44  Marine  
  26  3:48  SCV  
  28  3:54  Supply Depot, Stimpack  
  28  4:00  SCV  
  29  4:11  Marine x2  
  29  4:12  SCV  
  29  4:14  Barracks Tech Lab  
  22  4:41  Marine x2  
  22  4:44  Marauder  
  26  4:59  Marine x2  
  27  5:06  Marauder  
  26  5:22  Marine x2  
  26  5:27  Marauder  
  28  5:33  Marauder  
  30  5:40  Marine x2  
Tags
 
Matchup
PvT
Replay Pack
Multiplayer
Add a new tag
Caveats
  • Supply blocks, unpowered buildings, or Contaminate may cause inaccurate times.
  • Supply counts are checked every 10 seconds.